 Dungeon Crawl Stone Soup version 0.16.2-2-g470672f (webtiles) character file.

35 monobi the Ducker (level 3, -4/28 HPs)
             Began as a Demonspawn Gladiator on Sept 3, 2015.
             Was an Initiate of Nemelex Xobeh.
             Killed by nerve-wracking pain
             ... invoked by an orc priest
              (10 damage)
             ... on level 4 of the Dungeon.
             The game lasted 00:02:19 (696 turns).

monobi the Ducker (Demonspawn Gladiator)             Turns: 696, Time: 00:02:19

Health: -4/28      AC: 10    Str: 16    XL:     3   Next: 16%
Magic:  3/3        EV:  7    Int:  9    God:    Nemelex Xobeh [......]
Gold:   30         SH:  0    Dex: 13    Spells: 0 memorised, 2 levels left

rFire  . . .     SeeInvis .     a - +0 war axe
rCold  . . .     Clarity  .     e - +0 chain mail
rNeg   . . .     SustAb   .     (no shield)
rPois  .         Gourm    .     c - +0 helmet
rElec  .         Spirit   .     (no cloak)
rCorr  .         Warding  .     (no gloves)
rMut   .         Stasis   .     (no boots)
MR     .....                    (no amulet)
Stlth  ..........               (no ring)
                                (no ring)

@: not resistant to hostile enchantments, extremely unstealthy
A: talons 1, icy blue scales 1
a: Renounce Religion


You were on level 4 of the Dungeon.
You worshipped Nemelex Xobeh.
Nemelex Xobeh was noncommittal.
You were not hungry.

You visited 1 branch of the dungeon, and saw 3 of its levels.

You collected 30 gold pieces.

Inventory:

Hand weapons
 a - a +0 war axe (weapon)
Missiles
 d - 3 throwing nets (quivered)
Armour
 c - a +0 helmet (worn)
 e - a +0 chain mail (worn)
Potions
 b - a potion of poison {unknown}
 g - a potion of haste {unknown}
 h - a potion of heal wounds {unknown}
 k - a potion of cancellation
 m - a potion of resistance {unknown}
Miscellaneous
 j - an ornate deck of destruction
Comestibles
 f - a bread ration
 l - a slice of pizza
 n - a meat ration


   Skills:
 + Level 2.4 Fighting
 + Level 3.0 Axes
 + Level 2.0 Throwing
 + Level 0.3 Armour
 + Level 3.1 Dodging


You had 2 spell levels left.
You didn't know any spells.

Dungeon Overview and Level Annotations

Branches:
Dungeon (4/15)
 Temple: D:4-7

Altars:
Gozag
Kikubaaqudgha
Nemelex Xobeh
Yredelemnul


Innate Abilities, Weirdness & Mutations

You have sharp toenails.
You are partially covered in icy blue scales (AC +1).


Message History

The orc hits you from afar with a trident.
* * * LOW HITPOINT WARNING * * *
The orc priest hits you but does no damage.
The orc hits you but does no damage.
Drink which item? (? for menu, Esc to quit)
It was a potion of brilliance.
You feel clever all of a sudden. The orc priest hits you with a club.
* * * LOW HITPOINT WARNING * * *
Drink which item? (? for menu, Esc to quit)
It was a potion of cancellation.
Your magical effects are unravelling.
You feel magically purged.
You feel a little less clever now.
The orc hits you from afar with a trident.
* * * LOW HITPOINT WARNING * * *
The orc priest mumbles some strange prayers to Beogh against you.
Pain shoots through your body!
You die...
Your body disappears without a glow.

### #.# #@##
#o.# ##o###
##o.#######.
#..........
#...........
#.#........
#..######.#
#.# #


You could see an orc priest and 2 orcs.

Vanquished Creatures
  An adder (D:2)
  A worm (D:2)
  5 bats
  2 hobgoblins (D:2)
  2 kobolds
  A ball python (D:1)
  A giant newt (D:2)
  4 goblins
  2 rats (D:2)
19 creatures vanquished.

Notes
Turn   | Place    | Note
--------------------------------------------------------------
     0 | D:1      | monobi, the Demonspawn Gladiator, began the quest for the Orb.
     0 | D:1      | Reached XP level 1. HP: 16/16 MP: 1/1
   158 | D:1      | Reached skill level 3 in Dodging
   176 | D:2      | Found a sparkling altar of Nemelex Xobeh.
   176 | D:2      | Found a basalt altar of Yredelemnul.
   176 | D:2      | Found an ancient bone altar of Kikubaaqudgha.
   179 | D:2      | Became a worshipper of Nemelex Xobeh the Trickster
   182 | D:2      | Gained mutation: You are partially covered in icy blue scales (AC +1). [demonic ancestry]
   182 | D:2      | Reached XP level 2. HP: 22/22 MP: 2/2
   248 | D:2      | Found an opulent altar of Gozag.
   251 | D:2      | Received a gift from Nemelex Xobeh
   400 | D:2      | Gained mutation: You have sharp toenails. [demonic ancestry]
   400 | D:2      | Reached XP level 3. HP: 17/28 MP: 3/3
   686 | D:2      | You fall through a shaft for 2 floors!
   696 | D:4      | Killed from afar by an orc priest

Action                   || total
-------------------------++-------
Melee: War axe           ||    69
  Use: Potion            ||     2
